AoeStats
← mexxer

MegaRandom

508032492Analyzed
2v2 RM · 11d ago on Sep 20, 2026· 38m 15s· 4 players
Game mode
Random Map
Map size
Medium (4 player)
Population
200
Speed
Normal
Resources
Standard
Victory
Conquest
Starting age
Dark Age
Ending age
Imperial Age
RankedLock teamsTeams togetherTeam positionsShared explorationLock speedFull tech treeHidden civsTurbo modeCheats
Victory
Defeat
🇨🇦 Romans · Canada
1097
+13
🇨🇦 Khmer · Canada
1049
+15
🇩🇪 Spanish · Germany
1063
-33
🇮🇳 Hindustanis · India
1005
-13
mexxer
5:32 Loom
14:26 Feudal Age
14:59 Double-Bit Axe
15:47 Horse Collar
25:37 Castle Age
24:08 Forging
25:44 Man-at-Arms
26:32 Long Swordsman
27:23 Scale Mail Armor
27:29 Scale Barding Armor
28:00 Iron Casting
28:46 Heavy Plow
28:59 Bow Saw
31:23 Elite Skirmisher
35:28 Town Watch
36:47 Chain Mail Armor
abhi29101un
4:09 Loom
15:01 Feudal Age
20:39 Castle Age
19:55 Double-Bit Axe
20:35 Stone Mining
23:49 Town Watch
25:22 Stone Shaft Mining
24:42 Gold Mining
25:37 Wheelbarrow
25:07 Town Patrol
26:16 Murder Holes
26:42 Ballistics
33:11 Imperial Age
32:13 Gold Shaft Mining
31:54 Bow Saw
31:31 Horse Collar
34:21 Forging
34:11 Scale Mail Armor
Karibou
11:31 Loom
13:26 Feudal Age
16:53 Castle Age
15:34 Double-Bit Axe
18:57 Bow Saw
18:52 Husbandry
19:03 Bloodlines
20:02 Wheelbarrow
20:14 Horse Collar
21:06 Light Cavalry
24:26 Hand Cart
29:09 Imperial Age
26:40 Gold Mining
27:04 Padded Archer Armor
27:36 Elite Skirmisher
29:37 Scale Barding Armor
29:23 Fletching
31:46 Leather Archer Armor
31:27 Bodkin Arrow
31:53 Chain Barding Armor
32:23 Ballistics
34:16 Hussar
35:55 Forging
37:04 Ring Archer Armor
36:36 Bracer
38:46 Conscription
38:23 Town Watch
Beaster
13:32 Feudal Age
11:47 Loom
13:38 Feudal Age
15:19 Double-Bit Axe
18:12 Castle Age
16:30 Scale Mail Armor
17:44 Scale Barding Armor
21:18 Bow Saw
24:32 Wheelbarrow
24:42 Town Watch
27:04 Hand Cart
28:39 Fervor
28:45 Horse Collar
33:24 Imperial Age
34:10 Gold Mining
33:58 Heavy Scorpion
34:32 Pikeman
35:12 Squires
35:59 Block Printing
36:48 Redemption
38:03 Block Printing
Connection lost

Rejoining the realm…

Still unreachable

The connection could not be restored.

Session expired

The server has moved on; the page needs a fresh start.